 Dungeon Crawl Stone Soup version 0.21-a0-91-ga5031da (webtiles) character file.

798 4thArraOfDagon the Slasher (level 7, -12/57 HPs)
             Began as a Demonspawn Chaos Knight on June 30, 2017.
             Mangled by a brown ugly thing (15 damage)
             ... on level 10 of the Dungeon.
             The game lasted 00:07:50 (2165 turns).

4thArraOfDagon the Slasher (DsCK)                   Turns: 2165, Time: 00:07:51

Health: -12/57     AC:  0    Str: 17    XL:     7   Next: 58%
Magic:  7/7        EV: 13    Int: 16    God:    Xom [*.....]
Gold:   160        SH:  0    Dex: 12    Spells: 6/6 levels left

rFire    . . .     SeeInvis .   a - +0 falchion (chaos)
rCold    . . .     Gourm    .   (no shield)
rNeg     . . .     Faith    .   b - +3 leather armour
rPois    +         Spirit   .   (helmet restricted)
rElec    .         Reflect  .   (no cloak)
rCorr    .         Harm     +   (no gloves)
MR       .....                  (no boots)
Stlth    +.........             e - amulet of harm
HPRegen  0.19/turn              f - ring of poison resistance
MPRegen  0.10/turn              o - +3 ring of protection

@: mighty, corroded
A: antennae 1, rugged brown scales 2
a: Renounce Religion


You were on level 10 of the Dungeon.
You worshipped Xom.
You were a special plaything of Xom.
You were not hungry.

You visited 1 branch of the dungeon, and saw 11 of its levels.

You collected 160 gold pieces.

Inventory:

Hand Weapons
 a - a +0 falchion of chaos (weapon)
 n - a +1 short sword of speed
 w - a +1 scimitar of pain
 x - a +0 long sword
Armour
 b - a +3 leather armour (worn)
 k - a cursed +0 leather armour
Jewellery
 e - an amulet of harm (around neck)
 f - a ring of poison resistance (left hand)
 l - a +3 ring of dexterity
 o - a +3 ring of protection (right hand)
Scrolls
 h - 3 scrolls of identify {unknown}
 i - a scroll of noise {unknown}
 j - 5 scrolls of teleportation
 q - 2 scrolls of remove curse {unknown}
 t - a scroll of enchant armour
 u - a scroll of vulnerability {unknown}
 v - a scroll of enchant weapon {unknown}
 y - a scroll of magic mapping
Potions
 g - a potion of agility {unknown}
Comestibles
 c - 6 bread rations
 d - a meat ration
 p - 2 chunks of flesh


   Skills:
 + Level 4.7 Fighting
 * Level 5.6 Long Blades
 + Level 3.9 Armour
 + Level 3.3 Dodging


You had 6 spell levels left.
You didn't know any spells.

Dungeon Overview and Level Annotations

Branches:
Dungeon (11/15)            Temple (0/1) D:6
   Lair: D:8-11         Orc: D:9-12

Altars:
Elyvilon
Fedhas


Innate Abilities, Weirdness & Mutations

You have a pair of small antennae on your head.
You are mostly covered in rugged brown scales. (AC +2, +5% HP)


Message History

* * * LOW HITPOINT WARNING * * *
Unknown command.
You hit something. Something tentacle-slaps you.
* * * LOW HITPOINT WARNING * * *
You are splashed with acid!
The acid burns!
* * * LOW HITPOINT WARNING * * *
Unknown command.
Unknown command.
Unknown command.
Unknown command.
As you read the scroll labeled WAFOMA BOIRISM, it crumbles to dust.
It is a scroll of enchant armour.
Your +2 leather armour glows green for a moment.
Something barely misses you.
Unknown command.
As you read the scroll labeled YFYNA AQANU, it crumbles to dust.
You feel aware of your surroundings.
It was a scroll of magic mapping.
Something tentacle-slaps you!
You die...
Xom thinks this is hilarious!

##'#..#,,,,≈*,,,*,,,*≈,
#..#..#,,,≈*,..*≈*,*≈,,
#.....#,,,,≈#.#≈*≈*,*≈,
#..#..######≈#.#≈*,,,*≈
#..#..#....≈#...*,,,*≈*
#..#..#...≈#...#,,,*≈,+
####..#..≈#...#≈*,*≈,,*
#.........≈..#≈.≈*≈,,,,
#.....@....≈#≈..,≈,,,,,
#......{....≈...,,,,,,,
########..####.[,,*,,,,
*,,,#..#..#,,*,,,,*,,,,
*,,,+..#..#,,+,,,,*,,,,
*,,,#.u#..#,,*,,,,*,,,,
*,,##..#..##.##********
*,,#............,,,*,,,
*,,#............,,,*,,,


There were no monsters in sight!

Vanquished Creatures
  An ice beast (D:7)
  4 ogres
  A scorpion (D:7)
  2 centaur skeletons
  An iguana (D:9)
  A worker ant (D:7)
  8 adders
  A dart slug (D:2)
  A leopard gecko (D:5)
  2 hobgoblins
  6 jackals
  2 quokkas
  2 ball pythons (D:1)
  3 bats (D:1)
  5 frilled lizards
  A goblin (D:1)
  3 kobolds
  2 rats
46 creatures vanquished.

Vanquished Creatures (collateral kills)
  A howler monkey (D:4)
  An orc (D:4)
2 creatures vanquished.

Vanquished Creatures (others)
  A spriggan (D:7)
  A quokka (D:7)
2 creatures vanquished.

Grand Total: 50 creatures vanquished

Notes
Turn   | Place    | Note
-------+----------+-------------------------------------------
     0 | D:1      | 4thArraOfDagon the Demonspawn Chaos Knight began the quest for the Orb.
     0 | D:1      | Reached XP level 1. HP: 18/18 MP: 1/1
    27 | D:1      | Noticed a scorpion
    27 | D:1      | a hobgoblin changed into a scorpion
    41 | D:1      | XOM: butterfly on damage
   180 | D:1      | Reached skill level 1 in Dodging
   299 | D:1      | Reached skill level 3 in Long Blades
   302 | D:1      | Gained mutation: You are partially covered in rugged brown scales. (AC +1, +3% HP) [demonic ancestry]
   302 | D:1      | Reached XP level 2. HP: 18/24 MP: 2/2
   521 | D:2      | Reached XP level 3. HP: 20/29 MP: 3/3
   624 | D:2      | XOM: harmless Necr miscast
   642 | D:2      | XOM: harmless Fire miscast
   750 | D:3      | Reached XP level 4. HP: 20/36 MP: 4/4
   751 | D:3      | Found a blossoming altar of Fedhas.
   842 | D:4      | XOM: summons 3 friendly demons
   882 | D:4      | XOM: god gift: 23 gold pieces
   943 | D:4      | Noticed an ogre
   970 | D:4      | XOM: medium Tmut miscast
   990 | D:4      | XOM: swap monsters
   993 | D:4      | XOM: summons 2 friendly demons
  1008 | D:4      | XOM: enchant monster (bad)
  1017 | D:4      | XOM: confuse monster(s)
  1020 | D:4      | XOM: summons 3 friendly demons
  1024 | D:4      | Killed an ogre
  1024 | D:4      | Reached skill level 4 in Long Blades
  1024 | D:4      | Gained mutation: You have a pair of small antennae on your head. [demonic ancestry]
  1024 | D:4      | Reached XP level 5. HP: 40/43 MP: 5/5
  1079 | D:5      | Entered Level 5 of the Dungeon
  1102 | D:6      | Noticed an ogre
  1105 | D:6      | XOM: cleaving
  1112 | D:6      | Killed an ogre
  1112 | D:6      | Gained mutation: You are mostly covered in rugged brown scales. (AC +2, +5% HP) [demonic ancestry]
  1112 | D:6      | Reached XP level 6. HP: 25/50 MP: 6/6
  1356 | D:6      | Found a staircase to the Ecumenical Temple.
  1383 | D:6      | XOM: cast spell 'Olgreb's Toxic Radiance'
  1419 | D:7      | Reached skill level 5 in Long Blades
  1433 | D:7      | Reached XP level 7. HP: 42/56 MP: 7/7
  1598 | D:7      | Noticed a spriggan baker
  1602 | D:7      | XOM: confuse monster(s)
  1608 | D:7      | Killed a spriggan baker
  1608 | D:7      | XOM: divine lightning
  1646 | D:7      | XOM: mild Air miscast
  1648 | D:7      | XOM: harmless Air miscast
  1951 | D:8      | Found a white marble altar of Elyvilon.
  2090 | D:10     | Entered Level 10 of the Dungeon
  2102 | D:11     | Noticed a cyan ugly thing
  2102 | D:11     | Noticed a five-headed hydra
  2137 | D:10     | Noticed a red ugly thing
  2150 | D:10     | XOM: enchant monster (bad)
  2161 | D:10     | HP: 2/57 [acid (9)]
  2165 | D:10     | Mangled by a brown ugly thing

Vault maps used:
D:1:      shiori_shiawase
D:2:      grunt_temple_overflow_opulence, uniq_natasha
D:3:      nicolae_overflow_hidden_temple, gammafunk_temple_overflow_wave
D:5:      cheibrodos_helix_gallery, first_bread, uniq_blork_the_orc
D:6:      minmay_temple_entry_trees, hangedman_decor_growths
D:7:      the_bakery
D:8:      grunt_dithmenos_shadows, lemuel_crystal_altar, elyvilon_altar_4,
          minmay_mini_ossuary, uniq_joseph, uniq_erica
D:9:      lair_entry_dummy, serial_shops, shop_fountains
D:10:     nicolae_water_bricks, uniq_urug
D:11:     serial_shops, shop_statue

Skill      XL: |  1  2  3  4  5  6  7 |
---------------+----------------------+-----
Dodging        | 1 2 3 |  3.3
Long Blades    | 3 4 5 |  5.6
Armour         | 2 3 |  3.9
Fighting       | 4 |  4.7

Action                   |  1- 3 |  4- 6 |  7- 9 || total
-------------------------+-------+-------+-------++-------
Melee: Falchion          |    89 |    62 |    38 ||   189
  Use: Potion            |     2 |       |     7 ||     9
       Scroll            |       |     1 |     2 ||     3
 Stab: Sleeping          |     2 |       |       ||     2
       Confused          |     1 |     1 |       ||     2
       Paralysed         |       |       |     1 ||     1
  Eat: Chunk             |       |     2 |       ||     2
       Royal jelly       |       |       |     1 ||     1
Armor: Leather armour    |    25 |    17 |     6 ||    48
       Skin              |       |       |     8 ||     8
Dodge: Dodged            |    45 |    41 |    13 ||    99
       Rpst.: Falchion   |    14 |    12 |     6 ||    32
